 Dungeon Crawl Stone Soup version 0.26.1-11-gd32895ea62 (webtiles) character file.

Game seed: 6627719802450777782

287 Zeld the Twirler (level 6, -1/39 HPs)
             Began as an Octopode Gladiator on May 19, 2021.
             Slain by an orc
             ... wielding a +0 flail
              (8 damage)
             ... on level 3 of the Dungeon.
             The game lasted 00:03:04 (4720 turns).

Zeld the Twirler (Octopode Gladiator)               Turns: 4720, Time: 00:03:05

Health: -1/39      AC:  1    Str: 13    XL:     6   Next: 30%
Magic:  6/6        EV: 14    Int: 11    God:
Gold:   157        SH:  0    Dex: 15    Spells: 5/5 levels left

rFire    . . .     SeeInvis .   a - +0 quarterstaff
rCold    . . .     Faith    .   (shield currently unavailable)
rNeg     . . .     Spirit   .   b - +0 hat
rPois    .         Reflect  .   (no amulet)
rElec    .         Harm     .   (no ring)
rCorr    .         Rampage  .   (no ring)
Will     .....                  (no ring)
Stlth    ++........             (no ring)
HPRegen  0.13/turn              (no ring)
MPRegen  0.10/turn              (no ring)
                                (no ring)
                                (no ring)

@: no status effects
A: almost no armour, stealthy swim, amphibious, 8 rings, constrict 8, camouflage
1, gelatinous body 1
a: no special abilities


You were on level 3 of the Dungeon.
You visited 1 branch of the dungeon, and saw 4 of its levels.

You collected 157 gold pieces.

Inventory:

Hand Weapons
 a - a +0 quarterstaff (weapon)
Missiles
 c - 3 throwing nets
 g - 8 boomerangs (quivered)
Armour
 b - a +0 hat (worn)
Jewellery
 f - an uncursed ring of magical power {unknown}
 l - an uncursed ring of protection from cold {unknown}
Scrolls
 i - 2 scrolls of remove curse {unknown}
 k - 7 scrolls of identify {unknown}
 m - a scroll of teleportation {unknown}
 n - a scroll of fear {unknown}
 p - a scroll of amnesia {unknown}
Potions
 d - 3 potions of curing {unknown}
 e - a potion of might {unknown}
 h - a potion of degeneration {unknown}
 j - a potion of haste {unknown}
 o - a potion of mutation {unknown}


   Skills:
 - Level 2.0 Fighting
 * Level 5.2 Staves
 * Level 4.7 Throwing
 - Level 3.0 Dodging


You had 5 spell levels left.
You didn't know any spells.
Your spell library was empty.

Dungeon Overview and Level Annotations

Branches:
Dungeon (4/15)
 Temple: D:4-7

Altars:
Nemelex Xobeh
Uskayaw

Shops:
D:4 }


Innate Abilities, Weirdness & Mutations

You cannot wear most types of armour.
You are very stealthy in the water. (Stealth+)
You are amphibious.
You can wear up to eight rings at the same time.
You can use your tentacles to constrict eight enemies at once.
Your skin changes colour to match your surroundings (Stealth+).
Your rubbery body absorbs attacks. (AC +1, EV +1)


Message History

Unknown command.
You sock the orc wizard! You grab the orc wizard.
The orc wizard is almost dead.
You constrict the orc wizard.
You kill the orc wizard!
The orc hits you with a +0 flail!
You are too injured to fight recklessly!
You are too injured to fight recklessly!
You are too injured to fight recklessly!
You are too injured to fight recklessly!
Unknown command.
You hit the orc. Your grab misses the orc.
You squeeze the orc, but do no damage.
The orc is heavily wounded.
The orc hits you with a +0 flail!
* * * LOW HITPOINT WARNING * * *
You hit the orc but do no damage. You grab the orc.
The orc is heavily wounded.
You constrict the orc. The orc hits you with a +0 flail!
You die...

...# #.# #.###.#.....#
...#
#.###..##.####.#########
...# #.#........#
#.........# ...#
#.#.##..#..# #.........###
...#
#.#.###.#..###..(.........
...#
#.#........#..............
...#
#.#####....#.#............
#### #.#
##...#.#..........#.
########.#
#o@)#.#.#'#.....###
.........#
###.#.....#.#..####
##########
#.......#...#'#.#
#.....#.#..###._.
#.#####.#...#'#.# #.#
#.#....#### #.#
#.##....### #.#
#.###....#. #.#####.#
##.....


You could see an orc.

Vanquished Creatures
  2 orc priests (D:3)
  An orc wizard (D:3)
  Natasha (thrice) (D:2)
  An adder (D:4)
  4 gnolls (D:3)
  A white imp (D:3)
  An ooze (D:3)
  2 leopard geckos
  11 orcs (D:3)
  4 giant cockroaches (D:1)
  3 hobgoblins
  3 jackals (D:3)
  5 bats
  2 frilled lizards (D:1)
  7 goblins
  5 kobolds
  8 rats
63 creatures vanquished.

Notes
Turn   | Place    | Note
-------+----------+-------------------------------------------
     0 | D:1      | Zeld the Octopode Gladiator began the quest for the Orb.
     0 | D:1      | Reached XP level 1. HP: 14/14 MP: 1/1
   250 | D:1      | Reached XP level 2. HP: 19/19 MP: 2/2
   559 | D:1      | Reached XP level 3. HP: 24/24 MP: 3/3
  1301 | D:2      | Found a hide-covered altar of Uskayaw.
  1496 | D:2      | Noticed Natasha
  1501 | D:2      | Killed Natasha
  1502 | D:2      | Reached skill level 4 in Staves
  1502 | D:2      | Reached XP level 4. HP: 12/29 MP: 4/4
  1822 | D:2      | Noticed Natasha
  1830 | D:2      | Killed Natasha
  1836 | D:2      | Noticed Natasha
  1842 | D:2      | Killed Natasha
  2255 | D:3      | Reached XP level 5. HP: 31/34 MP: 5/5
  3736 | D:3      | Reached skill level 5 in Staves
  3742 | D:3      | Reached XP level 6. HP: 14/39 MP: 6/6
  4267 | D:3      | Found a sparkling altar of Nemelex Xobeh.
  4329 | D:4      | Found Kareixee's Gadget Shop.
  4720 | D:3      | Slain by an orc

Illustrated notes

Levels and vault maps discovered:
D:1:      kilobyte_arrival_exit_the_forest, layout_rooms, bh_walls_and_bars
D:2:      layout_basic, eat_drink_and_be_merry_uskayaw, corexii_hall_statues_i,
          minivault_19, uniq_natasha
D:3:      layout_basic, chequers_decorated_corner, nemelex_diamond_rough_becter
D:4:      layout_basic, general_overflow_altar, nicolae_overflow_hidden_temple,
          gammafunk_temple_overflow_statue, serial_shops, shop, bloody_makhleb

Skill      XL: |  1  2  3  4  5 |
---------------+----------------+-----
Staves         | 4 5 |  5.2
Throwing       | 3 4 |  4.7
Fighting       | |  2.0
Dodging        | |  3.0

Action                   |  1- 3 |  4- 6 || total
-------------------------+-------+-------++-------
Melee: Quarterstaff      |    48 |    78 ||   126
       Constrict         |    15 |    24 ||    39
       Tentacles         |     9 |    13 ||    22
 Stab: Sleeping          |     1 |     2 ||     3
Armor: Skin              |     3 |     5 ||     8
Dodge: Dodged            |    40 |    40 ||    80
